Map: Blueshift LE

Players

Rustam

  • Race: Zerg Zerg
  • League: Silver
  • Spawn Location: 7:00

Yocto - Winner!

  • Race: Zerg Zerg
  • Spawn Location: 1:00

VOD

Have the link to the VOD?

Description

Time

  • Played on: Dec. 13, 2018, 8:30 a.m.
  • Length: 11:23
Show
View Real Time Build Order
Export as new Build Order

Rustam Zerg 

Build Orders: 1 Base Baneling Bust, Pool First, Muta Ling Bane 

Get SALT Encoding   

  12  0:18  Spawning Pool  
  11  0:23  Drone  
  12  0:29  Extractor  
  12  0:30  Drone  
  12  0:39  Overlord  
  12  0:48  Drone  
  13  0:54  Drone  
  14  0:59  Drone  
  15  1:07  Zergling x2  
  17  1:18  Zergling x2  
  17  1:29  Zergling x2  
  18  1:34  Queen  
  20  1:40  Baneling Nest, Zergling x2  
  20  2:07  Hatchery, Zergling x4  
  21  2:11  Zergling x2  
  22  2:26  Baneling x2  
  22  2:27  Baneling x2  
  20  2:46  Zergling x2  
  20  2:48  Overlord x2  
  19  3:16  Zergling x6  
  19  3:21  Zergling x2  
  19  3:24  Lair  
  20  3:29  Zergling x2  
  20  3:31  Zergling x2  
  22  3:40  Baneling x2  
  22  3:47  Drone  
  23  3:52  Drone  
  23  3:53  Extractor  
  23  3:55  Zergling x4  
  25  4:00  Zergling x2  
  26  4:05  Zergling x2  
  27  4:11  Drone  
  27  4:14  Baneling  
  28  4:24  Zergling x4  
  30  4:27  Drone  
  31  4:37  Zergling x4  
  33  4:40  Drone  
  33  4:45  Drone  
  34  4:53  Drone x2  
  36  5:00  Drone x2  
  36  5:04  Drone  
  39  5:08  Drone  
  39  5:13  Drone x2  
  42  5:22  Drone  
  42  5:27  Overlord  
  43  5:37  Spire  
  43  5:39  Drone  
  43  5:41  Overlord  
  43  5:48  Drone x3  
  46  5:51  Overseer  
  46  5:57  Baneling x2  
  46  5:58  Baneling x3  
  46  6:00  Drone  
  47  6:04  Drone  
  47  6:05  Drone  
  49  6:15  Queen  
  49  6:17  Drone x2  
  53  6:19  Zergling x2  
  53  6:25  Drone x2  
  56  6:26  Drone  
  56  6:27  Drone  
  56  6:28  Zergling x2  
  59  6:33  Metabolic Boost  
  59  6:41  Overseer x2  
  59  7:04  Extractor x2  
  59  7:05  Hatchery  
  59  7:06  Drone  
  59  7:07  Drone x2  
  59  7:10  Overlord x4  
  59  7:31  Mutalisk x3  
  65  7:48  Centrifical Hooks  
  65  7:52  Drone  
  65  7:53  Mutalisk  
  65  7:57  Drone x5  
  73  8:05  Drone x2  
  73  8:06  Drone x3  
  73  8:08  Drone  
  73  8:09  Mutalisk  
  81  8:18  Zerg Flyer Weapons Level 1  
  81  8:20  Mutalisk  
  83  8:34  Mutalisk  
  85  8:48  Mutalisk x2  
  88  8:57  Spore Crawler  
  88  8:59  Spore Crawler  
  88  9:02  Mutalisk  
  73  9:17  Mutalisk x2  
  76  9:26  Mutalisk  
  73  9:46  Mutalisk  
  73  9:47  Mutalisk  
  66  9:58  Mutalisk  
  65  10:02  Drone x2  
  65  10:03  Drone  
  65  10:04  Overlord, Drone x2  
  70  10:12  Mutalisk  
  72  10:16  Mutalisk  
  74  10:22  Extractor  
  74  10:24  Extractor  
  72  10:33  Mutalisk x2  
  77  10:35  Zergling x2  
  77  10:37  Zergling x4  
  77  10:38  Zergling x2  
  76  10:46  Zergling x2  
  76  10:47  Mutalisk  
Show
View Real Time Build Order
Export as new Build Order

Yocto Zerg - Winner!

Build Orders: Hatch First 

Get SALT Encoding   

  12  0:01  Drone  
  13  0:14  Overlord  
  13  0:18  Drone  
  14  0:34  Drone x2  
  16  0:36  Drone  
  17  0:53  Hatchery  
  17  0:56  Drone  
  17  1:00  Extractor  
  17  1:03  Drone  
  17  1:17  Spawning Pool  
  16  1:21  Drone  
  17  1:27  Drone  
  18  1:34  Drone  
  19  1:43  Overlord  
  19  1:56  Drone  
  20  2:06  Queen, Zergling x4  
  24  2:09  Metabolic Boost  
  24  2:17  Queen  
  24  2:22  Zergling x4  
  28  2:36  Spine Crawler  
  27  2:37  Drone x3  
  28  2:47  Queen  
  30  2:55  Baneling Nest  
  29  3:01  Zergling x6  
  29  3:02  Zergling x2  
  26  3:17  Zergling x2  
  27  3:37  Drone x2  
  27  3:38  Drone  
  30  3:53  Drone x4  
  34  4:01  Baneling  
  34  4:02  Baneling  
  34  4:07  Drone  
  34  4:08  Overlord  
  35  4:23  Lair  
  35  4:29  Drone x3  
  35  4:30  Drone x2  
  40  4:42  Evolution Chamber  
  40  4:44  Evolution Chamber  
  38  4:53  Evolution Chamber, Drone x2  
  38  4:54  Drone x2  
  41  5:04  Spine Crawler  
  41  5:06  Extractor  
  39  5:08  Extractor  
  38  5:19  Overlord x2  
  38  5:24  Drone x5  
  43  5:35  Spire  
  42  5:37  Extractor  
  42  5:42  Drone x2  
  43  5:43  Drone  
  44  5:51  Drone x4  
  48  6:11  Drone x2  
  48  6:12  Drone x4  
  48  6:17  Overlord x2  
  54  6:32  Overlord  
  54  6:33  Overlord  
  54  6:35  Drone x2  
  56  6:50  Drone  
  57  6:54  Mutalisk x2  
  57  6:55  Mutalisk  
  57  6:59  Hatchery  
  62  7:06  Drone x3  
  62  7:07  Drone x5  
  70  7:18  Zerg Missile Weapons Level 1  
  70  7:19  Zerg Ground Armor Level 1  
  70  7:25  Drone x2  
  70  7:26  Drone x2  
  74  7:41  Mutalisk x3  
  74  7:42  Mutalisk  
  82  7:53  Overlord x3  
  82  8:09  Mutalisk x4  
  82  8:11  Extractor  
  82  8:12  Extractor  
  88  8:16  Mutalisk x2  
  92  8:23  Mutalisk  
  92  8:25  Zergling x8  
  98  8:39  Baneling x3  
  98  8:45  Zergling x6  
  98  8:46  Zergling x2  
  101  8:53  Zergling x6  
  101  8:54  Zergling x4  
  101  9:18  Zergling x6  
  101  9:19  Zergling x8  
  106  9:33  Mutalisk x4  
  106  9:38  Baneling x6  
  114  9:39  Baneling x3  
  104  9:49  Mutalisk, Zergling x2  
  104  9:50  Mutalisk  
  100  10:02  Zergling x4  
  100  10:03  Zergling x6  
  100  10:04  Queen  
  106  10:12  Baneling  
  106  10:13  Baneling x6  
  106  10:17  Queen  
  108  10:49  Zergling x10  
  111  10:50  Zergling x6  
Tags
 
Add a new tag
Caveats
  • Supply blocks, unpowered buildings, or Contaminate may cause inaccurate times.
  • Supply counts are checked every 10 seconds.